Map: [ESL] Hard Lead

Players

Spirit (souL) - Winner!

  • Race: Terran Terran
  • League: Master
  • Spawn Location: 5:00

SKillous

  • Race: Protoss Protoss
  • League: Grandmaster
  • Spawn Location: 11:00

VOD

Have the link to the VOD?

Description

Time

  • Played on: Nov. 25, 2023, 1:21 p.m.
  • Length: 21:05
Show
View Real Time Build Order
Export as new Build Order

Spirit Terran - Winner!

Build Orders: Cyclone Opening, Reaper Expand 

Get SALT Encoding   

  12  0:00  SCV  
  13  0:12  SCV  
  14  0:16  Supply Depot  
  14  0:24  SCV  
  15  0:38  SCV  
  15  0:40  Barracks  
  16  0:43  Refinery  
  16  0:50  SCV  
  17  1:02  SCV  
  18  1:14  SCV  
  19  1:27  Orbital Command, Reaper  
  20  1:39  Command Center  
  20  1:49  Supply Depot  
  20  1:52  SCV  
  21  1:58  Marine  
  22  2:04  SCV  
  22  2:07  Factory  
  23  2:16  SCV, Marine  
  23  2:22  Bunker  
  25  2:27  Refinery  
  25  2:28  SCV  
  26  2:35  Barracks Reactor  
  26  2:40  SCV  
  26  2:43  Barracks  
  27  2:51  Cyclone  
  29  2:52  SCV  
  29  2:56  Orbital Command  
  30  3:05  SCV  
  31  3:13  Marine x2  
  31  3:17  SCV  
  31  3:19  Barracks  
  34  3:22  SCV  
  34  3:26  Factory Tech Lab  
  35  3:29  SCV  
  35  3:31  Marine  
  37  3:36  Cyclone  
  37  3:39  Barracks Tech Lab, Marine  
  37  3:40  SCV  
  41  3:41  SCV  
  41  3:48  Supply Depot  
  42  3:52  SCV, Marine  
  42  3:54  SCV  
  45  4:00  Stimpack  
  46  4:05  Supply Depot  
  46  4:09  Supply Depot, SCV x2, Marauder  
  50  4:11  Factory Tech Lab  
  50  4:12  Barracks Tech Lab  
  49  4:18  Starport  
  49  4:20  Refinery  
  49  4:21  SCV  
  49  4:24  Marine  
  50  4:26  SCV  
  52  4:32  Engineering Bay  
  52  4:33  SCV  
  52  4:35  Siege Tank  
  56  4:38  SCV  
  56  4:40  Supply Depot  
  56  4:41  Marine  
  56  4:44  Combat Shield  
  58  4:45  SCV  
  58  4:50  Supply Depot  
  59  4:54  Marine, Marauder  
  59  4:57  SCV, Starport Reactor  
  63  5:02  Missile Turret  
  63  5:04  SCV, Marauder  
  66  5:09  SCV  
  66  5:11  Terran Infantry Weapons Level 1  
  67  5:15  Refinery  
  67  5:20  Siege Tank  
  70  5:21  SCV  
  70  5:23  Supply Depot, SCV  
  70  5:25  Supply Depot  
  70  5:26  Marauder  
  73  5:31  Marine  
  73  5:32  Marauder  
  73  5:33  SCV  
  76  5:36  SCV  
  76  5:42  Missile Turret  
  77  5:45  Medivac  
  77  5:48  Marauder  
  79  5:52  Medivac  
  79  5:54  Supply Depot  
  81  5:57  SCV x2  
  81  6:01  Concussive Shells  
  81  6:03  Marine x2, Marauder  
  87  6:06  Factory Reactor  
  87  6:12  Command Center  
  87  6:17  Marauder  
  89  6:20  Marine  
  89  6:24  Medivac x2  
  94  6:25  Marine  
  94  6:26  Marauder  
  94  6:32  SCV  
  96  6:34  SCV  
  96  6:38  Marine, Marauder  
  98  6:42  Supply Depot  
  98  6:43  Marine  
  98  6:44  SCV, Widow Mine x2  
  98  6:47  SCV, Marauder  
  107  6:56  SCV  
  107  6:57  Marine  
  107  6:59  SCV  
  110  7:01  Marauder  
  110  7:03  Marine  
  109  7:09  Marauder  
  109  7:10  SCV  
  109  7:11  Barracks, Viking  
  109  7:12  Barracks  
  109  7:15  Viking  
  116  7:16  Marine  
  116  7:19  SCV  
  116  7:21  Terran Infantry Armor Level 1  
  118  7:27  SCV  
  119  7:31  Supply Depot, SCV  
  119  7:32  Marauder  
  119  7:36  Supply Depot  
  122  7:40  SCV  
  122  7:43  SCV, Viking  
  121  7:46  Marauder  
  119  7:52  SCV  
  119  7:56  Marine, Marauder  
  119  7:57  SCV  
  120  8:06  Barracks Tech Lab  
  120  8:07  SCV, Marauder, Barracks Reactor  
  120  8:12  Viking  
  119  8:15  Orbital Command  
  119  8:18  Marauder  
  119  8:19  SCV x2  
  121  8:25  Widow Mine  
  121  8:26  Widow Mine  
  123  8:29  Marauder  
  123  8:31  SCV  
  127  8:34  Armory  
  127  8:35  Ghost Academy  
  127  8:36  SCV  
  127  8:38  Marine, Bunker  
  130  8:43  SCV, Medivac x2  
  130  8:47  Widow Mine x2  
  138  8:49  Marauder  
  138  8:53  Refinery x2  
  138  8:56  Supply Depot  
  138  8:58  Supply Depot x2, Marine, Marauder  
  141  9:06  Ghost  
  141  9:07  Marine  
  141  9:08  Widow Mine x2  
  148  9:18  Medivac x2  
  148  9:19  Command Center  
  148  9:21  Supply Depot  
  148  9:22  Terran Infantry Weapons Level 2  
  152  9:25  Terran Ship Weapons Level 1  
  152  9:28  Marauder  
  152  9:29  Marine  
  155  9:31  Marine  
  155  9:32  Marine, Marauder  
  155  9:36  Supply Depot  
  155  9:37  Marine  
  160  9:39  Supply Depot, Marine  
  160  9:40  SCV x2  
  160  9:45  SCV  
  164  9:47  Marine  
  164  9:48  Medivac  
  164  9:49  Marine x2  
  164  9:50  Marine  
  170  9:53  Marine  
  157  10:01  Marine, Medivac  
  157  10:03  Marine  
  157  10:05  Marine  
  157  10:07  SCV x2, Marine, Marauder  
  164  10:08  Marine  
  164  10:11  Marine  
  164  10:13  SCV  
  168  10:15  Starport  
  168  10:18  Refinery  
  168  10:19  SCV, Marine  
  168  10:20  Widow Mine  
  173  10:22  Viking  
  173  10:25  Ghost  
  175  10:29  Engineering Bay  
  175  10:31  Marine, Viking  
  175  10:33  SCV x2  
  175  10:34  SCV  
  181  10:38  Marine  
  182  10:50  Sensor Tower  
  182  10:52  Starport Reactor, Viking  
  184  10:57  Ghost x2  
  184  11:02  Marine  
  171  11:13  Marine x4  
  161  11:20  Marine  
  146  11:26  Marine x2  
  146  11:27  Viking  
  146  11:28  Viking  
  146  11:30  Viking x2  
  146  11:31  Marine x3  
  146  11:32  Marauder, Terran Infantry Armor Level 2  
  160  11:38  Marine  
  160  11:39  Planetary Fortress  
  161  11:41  SCV x2  
  161  11:42  SCV  
  161  11:44  Marine x2, Missile Turret  
  166  11:49  Marine  
  166  11:51  Terran Ship Weapons Level 2  
  166  11:53  Fusion Core, SCV  
  168  11:54  Marauder  
  168  11:57  Viking  
  168  11:58  Viking  
  168  12:00  Viking  
  176  12:02  Viking  
  176  12:03  Marine  
  179  12:11  Marine, Marauder, Command Center  
  180  12:16  Marine x2  
  182  12:22  Marine  
  182  12:27  Viking  
  182  12:28  Viking  
  185  12:30  Viking  
  185  12:32  Viking  
  185  12:34  Marine, Marauder x2  
  194  12:40  Advanced Ballistics  
  194  12:42  Barracks  
  194  12:43  Marine, Refinery  
  194  12:44  Refinery, Barracks  
  195  12:45  Widow Mine x2  
  199  12:57  Marine  
  188  12:58  Marine x3  
  177  13:10  Marine x3  
  159  13:15  Marine  
  159  13:16  Marine  
  159  13:17  Marauder  
  159  13:18  Marine  
  134  13:28  Marine  
  134  13:29  Marauder x2, Medivac x2  
  134  13:33  Marine  
  140  13:34  Marine  
  140  13:35  Terran Infantry Weapons Level 3  
  140  13:36  Marine  
  140  13:37  Widow Mine  
  140  13:38  Marauder, Widow Mine  
  140  13:39  Barracks Tech Lab  
  140  13:40  Barracks Tech Lab  
  148  13:41  Medivac x2  
  148  13:43  Missile Turret  
  148  13:46  Marine  
  153  13:50  Marauder x2  
  153  13:51  Planetary Fortress, Marine  
  153  13:52  Marine  
  153  13:54  Marine  
  160  14:00  Marauder x3  
  169  14:04  Marine  
  163  14:10  Marine  
  163  14:12  SCV, Marauder x2  
  163  14:16  Marine  
  163  14:19  Marine  
  163  14:20  SCV x2, Ghost  
  163  14:21  Marauder x2  
  170  14:24  SCV  
  170  14:31  SCV  
  172  14:32  SCV x2, Ghost  
  172  14:33  Marauder  
  172  14:36  SCV  
  179  14:39  Marine  
  179  14:41  Liberator x2, Ghost x2  
  179  14:43  SCV  
  179  14:44  SCV x2  
  190  14:48  Liberator x2  
  190  14:50  Marauder  
  196  14:54  Marauder  
  194  15:01  Marauder  
  194  15:02  Refinery  
  194  15:03  Refinery, Sensor Tower  
  194  15:08  Command Center  
  194  15:10  Ghost x3  
  194  15:11  Marine  
  194  15:12  Marine  
  200  15:16  Barracks  
  198  15:36  Marauder  
  187  15:52  Viking  
  187  15:53  Marauder  
  187  15:57  Viking x2  
  169  16:00  Viking  
  169  16:02  Marine, Marauder x4  
  174  16:08  Barracks Tech Lab  
  174  16:09  Terran Infantry Armor Level 3  
  174  16:10  Terran Vehicle And Ship Armor Level 1  
  174  16:13  Widow Mine x2  
  174  16:14  Marine  
  174  16:15  Marauder  
  181  16:19  Planetary Fortress  
  181  16:22  Viking  
  181  16:23  Marauder  
  181  16:24  Marine  
  188  16:27  Marine, Marauder, Viking x2  
  188  16:28  Marine, Missile Turret  
  188  16:30  Viking  
  196  16:36  Marauder  
  188  16:47  Marine  
  188  16:51  Ghost x5  
  188  16:52  Marine  
  198  17:17  Liberator  
  195  17:27  Liberator  
  198  17:38  Caduceus Reactor  
  198  17:43  Medivac  
  200  17:45  Personal Cloaking  
  200  17:46  Neosteel Armor  
  200  17:52  Command Center  
  200  17:53  Command Center  
  200  17:56  Command Center  
  200  17:58  Refinery  
  200  17:59  Refinery  
  200  18:12  Starport  
  198  18:16  Missile Turret  
  198  18:17  Missile Turret  
  186  18:56  Marine x2  
  186  18:58  Marine, Marauder  
  186  19:02  Marine  
  180  19:03  Marauder  
  180  19:06  Marine  
  180  19:08  Liberator x2  
  180  19:09  Liberator x2, Marine  
  181  19:10  Nuke, Marauder  
  181  19:14  Marine, Marauder  
  181  19:15  Marine  
  177  19:20  Marine, Marauder  
  177  19:23  Marine  
  169  19:24  Marauder x2  
  169  19:27  Marauder  
  166  19:31  Marine, Marauder  
  166  19:33  Marine  
  166  19:35  Marauder  
  166  19:38  Marine  
  163  19:41  Marine, Marauder  
  162  19:46  Marauder x2  
  162  19:49  Marine, Marauder  
  162  19:50  Orbital Command  
  162  19:51  Marine  
  162  19:52  Marauder  
  173  19:53  Medivac x4  
  173  19:55  Starport Reactor  
  173  19:56  Marine  
  173  19:58  Refinery  
  169  20:01  Refinery  
  169  20:08  Missile Turret  
  177  20:16  Marine, Ghost x6  
  177  20:17  Marine x3  
  178  20:23  Medivac x2  
  178  20:26  Medivac  
  183  20:34  Marine x4, Medivac  
  183  20:46  Marine  
Show
View Real Time Build Order
Export as new Build Order

SKillous Protoss 

Build Orders: 1 Gate Expand, Phoenix Opening, Colossus Rush 

Get SALT Encoding   

  12  0:00  Probe  
  13  0:12  Probe  
  14  0:17  Pylon  
  14  0:24  Probe  
  15  0:35  Gateway  
  15  0:36  Probe (Chrono Boost)  
  15  0:41  Assimilator  
  16  0:47  Probe (Chrono Boost)  
  17  0:52  Probe (Chrono Boost)  
  18  1:03  Probe  
  19  1:18  Probe  
  20  1:22  Cybernetics Core  
  20  1:31  Nexus  
  20  1:33  Probe  
  21  1:40  Pylon  
  21  1:44  Assimilator  
  21  1:47  Probe  
  22  1:56  Adept (Chrono Boost)  
  22  1:59  Probe  
  25  2:11  Probe  
  26  2:16  Adept (Chrono Boost)  
  27  2:24  Probe  
  27  2:26  Stargate  
  22  2:30  Warp Gate  
  29  2:37  Probe (Chrono Boost)  
  29  2:39  Adept  
  31  2:44  Probe (Chrono Boost)  
  33  2:53  Probe x2 (Chrono Boost)  
  34  2:58  Probe (Chrono Boost)  
  34  3:00  Probe  
  36  3:07  Pylon  
  36  3:10  Probe  
  36  3:11  Phoenix (Chrono Boost)  
  36  3:12  Probe  
  40  3:24  Gateway, Probe  
  42  3:27  Phoenix  
  42  3:30  Robotics Facility  
  42  3:33  Probe  
  44  3:36  Probe  
  43  3:44  Pylon  
  43  3:45  Assimilator, Probe  
  43  3:48  Probe  
  43  3:53  Assimilator  
  44  3:56  Shield Battery  
  44  3:57  Probe  
  44  4:01  Phoenix (Chrono Boost)  
  44  4:02  Probe  
  48  4:08  Pylon  
  49  4:10  Probe  
  49  4:14  Probe  
  50  4:19  Phoenix  
  50  4:23  Immortal (Chrono Boost)  
  52  4:28  Probe  
  52  4:30  Probe  
  58  4:40  Robotics Bay, Probe  
  58  4:42  Probe  
  60  4:48  Phoenix  
  60  4:50  Pylon  
  60  4:52  Probe  
  63  4:59  Observer  
  64  5:07  Adept  
  66  5:09  Probe  
  66  5:10  Nexus  
  66  5:11  Probe  
  68  5:14  Pylon  
  68  5:23  Phoenix  
  68  5:25  Probe  
  68  5:27  Colossus (Chrono Boost)  
  71  5:33  Pylon  
  71  5:35  Probe  
  78  5:37  Probe  
  78  5:42  Sentry  
  81  5:44  Shield Battery  
  81  5:47  Probe  
  81  5:50  Probe  
  81  5:51  Phoenix  
  81  5:54  Shield Battery  
  83  5:59  Probe  
  83  6:00  Zealot  
  86  6:08  Probe  
  86  6:10  Pylon, Colossus (Chrono Boost)  
  93  6:21  Probe  
  93  6:22  Probe, Phoenix  
  97  6:29  Probe, Pylon  
  98  6:33  Probe  
  98  6:34  Zealot x2, Extended Thermal Lance (Chrono Boost)  
  98  6:37  Probe  
  104  6:40  Pylon  
  104  6:43  Pylon  
  104  6:44  Probe  
  103  6:48  Phoenix  
  103  6:50  Probe  
  106  6:57  Colossus (Chrono Boost)  
  112  7:04  Probe x2  
  112  7:05  Probe  
  113  7:09  Pylon  
  113  7:12  Forge, Twilight Council  
  113  7:15  Zealot x2  
  117  7:16  Probe  
  117  7:19  Pylon  
  117  7:21  Phoenix  
  120  7:30  Probe  
  120  7:33  Pylon  
  122  7:37  Probe  
  122  7:43  Probe  
  117  7:45  Probe  
  117  7:48  Phoenix  
  117  7:49  Protoss Ground Weapons Level 1 (Chrono Boost)  
  112  7:51  Probe  
  112  7:52  Charge  
  112  7:54  Zealot x2, Pylon  
  115  8:05  Probe x2  
  111  8:08  Probe  
  106  8:13  Phoenix  
  106  8:17  Probe  
  106  8:18  Gateway  
  106  8:19  Zealot x2  
  113  8:20  Gateway  
  113  8:21  Gateway x2  
  113  8:22  Probe  
  113  8:23  Gateway  
  114  8:28  Gateway, Colossus (Chrono Boost)  
  114  8:30  Gateway  
  114  8:32  Templar Archives  
  120  8:39  Nexus  
  120  8:42  Pylon  
  120  8:43  Phoenix  
  122  8:53  Sentry  
  124  8:59  Zealot  
  124  9:00  Shield Battery  
  126  9:03  Nexus  
  126  9:04  Pylon  
  126  9:08  Colossus (Chrono Boost)  
  132  9:18  Probe  
  132  9:19  Probe x2  
  132  9:22  Assimilator  
  132  9:24  Zealot x5  
  139  9:30  Forge, Probe  
  146  9:36  Stalker  
  146  9:37  Zealot  
  148  9:38  Shield Battery  
  148  9:41  Protoss Ground Armor Level 1 (Chrono Boost)  
  148  9:49  Zealot x5  
  142  10:01  Phoenix  
  142  10:02  Warp Prism (Chrono Boost)  
  142  10:03  High Templar x2  
  150  10:07  Archon  
  150  10:10  Zealot x2, Robotics Facility  
  150  10:11  Zealot  
  150  10:12  Protoss Ground Weapons Level 2 (Chrono Boost)  
  156  10:15  Observer  
  150  10:22  Gateway  
  150  10:23  Gateway  
  150  10:26  Gateway, Probe  
  151  10:35  Zealot x3  
  151  10:36  Zealot x3  
  151  10:39  Protoss Air Weapons Level 1, Observer (Chrono Boost)  
  163  10:45  Photon Cannon  
  163  10:46  Photon Cannon x2  
  163  10:48  Pylon  
  163  10:49  Phoenix  
  165  10:51  Zealot  
  165  10:53  Zealot  
  169  10:57  Zealot x3  
  177  11:08  Immortal (Chrono Boost)  
  149  11:12  Zealot x5  
  123  11:26  Zealot x7  
  123  11:31  Protoss Ground Armor Level 2 (Chrono Boost)  
  143  11:33  Phoenix  
  143  11:36  Colossus (Chrono Boost)  
  145  11:40  High Templar x2  
  145  11:41  Zealot x3  
  155  11:48  Warp Prism (Chrono Boost)  
  155  11:49  Nexus  
  155  11:50  Gravitic Drive (Chrono Boost)  
  155  11:56  Pylon  
  155  11:59  Archon  
  155  12:00  Blink (Chrono Boost)  
  155  12:01  Zealot x5  
  159  12:07  Phoenix  
  167  12:13  Zealot x4  
  173  12:16  Shield Battery  
  173  12:21  Zealot x3  
  162  12:33  Stalker x7  
  174  12:37  Immortal  
  174  12:41  Zealot x5  
  167  13:03  Zealot x12  
  136  13:13  Protoss Ground Weapons Level 3 (Chrono Boost)  
  136  13:14  Colossus (Chrono Boost)  
  136  13:17  Colossus (Chrono Boost)  
  134  13:26  Zealot x8  
  122  13:32  Zealot x3, Sentry  
  122  13:38  Protoss Ground Armor Level 3 (Chrono Boost)  
  122  13:50  Zealot x3, Nexus  
  122  13:51  Pylon  
  122  13:52  Stalker  
  122  13:53  Zealot  
  132  13:57  Stalker x2  
  136  14:09  Stalker  
  122  14:10  Stalker x3  
  122  14:11  Zealot x3  
  126  14:22  Observer (Chrono Boost)  
  123  14:25  Shield Battery, Zealot x5  
  133  14:33  Zealot x2  
  133  14:34  Zealot  
  133  14:35  Zealot  
  133  14:36  Colossus (Chrono Boost)  
  147  14:38  Sentry  
  147  14:41  Zealot  
  147  14:48  Stalker  
  147  14:49  Stalker x2  
  149  14:56  Stalker x2  
  149  14:57  Zealot x4  
  159  15:02  Zealot x2  
  159  15:06  Warp Prism (Chrono Boost)  
  163  15:13  Assimilator  
  163  15:14  Assimilator  
  163  15:17  Zealot x4  
  163  15:19  High Templar  
  163  15:21  Zealot, High Templar  
  169  15:29  Zealot x3  
  169  15:30  Zealot x2  
  169  15:32  Warp Prism (Chrono Boost)  
  169  15:35  Archon  
  175  15:42  Zealot x3  
  185  15:45  Disruptor (Chrono Boost)  
  167  15:52  Zealot  
  167  15:53  Zealot x5  
  143  16:02  Zealot x6  
  151  16:14  High Templar x2  
  151  16:15  Zealot x3, Sentry  
  163  16:21  Archon  
  163  16:23  Zealot x6  
  173  16:28  Pylon  
  173  16:40  Zealot x4  
  166  16:50  Zealot x8  
  170  16:55  Immortal  
  170  16:59  Nexus  
  175  17:03  Observer, Pylon  
  165  17:15  Zealot x2  
  165  17:16  Zealot x3, Stalker x2  
  165  17:21  Warp Prism  
  171  17:25  Zealot x2  
  175  17:34  Zealot x3, Colossus  
  187  17:40  High Templar x4  
  193  17:45  Archon  
  193  17:46  Zealot x2  
  193  17:47  Archon  
  197  18:01  Zealot  
  199  18:08  Photon Cannon  
  199  18:14  Robotics Facility x2  
  199  18:17  Shield Battery  
  199  18:18  Photon Cannon  
  199  18:21  Photon Cannon  
  196  18:37  Stalker x2  
  196  18:38  Stalker  
  200  18:47  Stalker  
  200  18:48  Stalker x3  
  156  18:58  Zealot x5  
  131  19:03  Immortal (Chrono Boost)  
  131  19:08  Colossus (Chrono Boost)  
  100  19:10  Immortal (Chrono Boost)  
  100  19:12  Zealot x7  
  111  19:17  Pylon  
  111  19:21  Disruptor (Chrono Boost)  
  95  19:25  Zealot x3  
  95  19:27  Zealot x2  
  95  19:36  Stalker  
  82  19:49  Zealot x6  
  92  19:58  Zealot x2  
  92  19:59  Sentry  
  94  20:08  Zealot  
  94  20:12  Zealot x4  
  94  20:13  Sentry  
  106  20:17  Zealot  
  108  20:22  Stalker, Zealot  
  108  20:26  Photon Cannon  
  104  20:36  Zealot x4  
  112  20:48  Zealot x5  
Tags
 
Add a new tag
Caveats
  • Supply blocks, unpowered buildings, or Contaminate may cause inaccurate times.
  • Supply counts are checked every 10 seconds.